 Dungeon Crawl Stone Soup version 0.28.0-53-g5a82cb258f (webtiles) character file.

Game seed: 10979799314999551387

63 Tirrikindir the Skirmisher (level 3, 37/37 HPs)
             Began as a Troll Fighter on Aug 6, 2022.
             Was an Initiate of Yredelemnul.
             Got out of the dungeon alive.
             The game lasted 00:03:55 (1203 turns).

Tirrikindir the Skirmisher (Troll Fighter)          Turns: 1203, Time: 00:03:56

Health: 37/37      AC:  4    Str: 24    XL:     3   Next: 89%
Magic:  2/2        EV:  9    Int:  4    God:    Yredelemnul [......]
Gold:   86         SH:  7    Dex: 11    Spells: 2/2 levels left

rFire   . . .      SeeInvis .     - Unarmed
rCold   . . .      Faith    .   b - +0 kite shield
rNeg    . . .      Spirit   .   a - +0 robe
rPois   .          Reflect  .   (helmet restricted)
rElec   .          Harm     .   (no cloak)
rCorr   .          Rampage  .   (gloves unavailable)
Will    .....                   (boots unavailable)
Stlth   +.........              (no amulet)
HPRegen 0.92/turn               (no ring)
MPRegen 0.08/turn               (no ring)

@: no status effects
A: large, unfitting armour, claws 3, regeneration 1, shaggy fur 1, tough skin 1
a: Renounce Religion, Recall Undead Harvest


You escaped.
You worshipped Yredelemnul.
Yredelemnul was noncommittal.
You visited 1 branch of the dungeon, and saw 2 of its levels.

You collected 86 gold pieces.

Inventory:

Hand Weapons
 i - a +3 mace
Missiles
 d - 6 poisoned darts (quivered)
Armour
 a - a +0 robe (worn)
 b - a +0 kite shield (worn)
Scrolls
 f - a scroll of summoning
 g - a scroll of immolation
 h - a scroll of blinking
Potions
 c - a potion of might
 j - a potion of lignification {unknown}


   Skills:
 * Level 3.0 Fighting
 + Level 2.7 Dodging
 + Level 0.4 Stealth
 + Level 2.6 Shields
 * Level 2.8 Unarmed Combat


You had 2 spell levels left.
You didn't know any spells.
Your spell library contained the following spells:

 Spells                   Type           Power      Damage    Failure   Level
 Sublimation of Blood     Necr           0%         N/A       91%         2
 Wereblood                Tmut           0%         N/A       91%         2
 Summon Hydra             Summ           0%         N/A       100%        7


Dungeon Overview and Level Annotations

Branches:
Dungeon (2/15)

Altars:
Yredelemnul


Innate Abilities, Weirdness & Mutations

You are too large for most types of armour.
You have claws for hands.
Your natural rate of healing is unusually fast.
You are covered in fur. (AC +1)
You have tough skin. (AC +1)


Message History

The frilled lizard closely misses you.
The frilled lizard bites you but does no damage.
You scratch the frilled lizard.
You kill the frilled lizard!
You see here a frilled lizard corpse.
As you open the door, it creaks loudly!
Found two gnoll skeletons.
There is an open door here.
You open the door.
Found a faded altar of an unknown god.
There is an open door here.
There is a faded altar of an unknown god here.
You cannot tell which god this altar belongs to.
Convert to them anyway?
Yredelemnul accepts your prayer! Yredelemnul welcomes you!
You can now reap souls.
You can now recall your undead harvest.
(D) Dungeon
Where to? (Enter - D:2, ? - help)
What level of the Dungeon? (default 1, ? - help)
You swap places.
You swap places.
Your giant cockroach zombie bites the plant.
The plant begins to die.
There is an open door here.
A nearby plant withers and dies.
There is an open door here.
You see here a rat corpse.
There is a stone staircase leading up here.
You climb upwards.
Your mindless puppet stays behind to rot.
There is a stone staircase leading down here.
There is an open door here.
There is an open door here.
There is an open door here.
There is an open door here.
There is an open door here.
There is a staircase leading out of the dungeon here.
You can't go down here!
Are you sure you want to leave the Dungeon?
This will make you lose the game!
You have escaped!

#################
#...#...#..(#...#
#...'...'...#.⌠.#
#...#...#...#...#
##'###########'##
#...#...#...#...#
#...#...'.@.#.⌠.#
##
#...#...#...#...#
.#
##'###'###'###'##
.#
###...#...#...#...#
.#
#.+.⌠.#...#...'...#
.#
#.#...#...#...#...#
##
#.##'###########'##
#.#...#...#...#...#
#.'...'...+.⌠.'...#


There were no monsters in sight!

Vanquished Creatures
  2 adders (D:2)
  4 dart slugs
  4 ball pythons
  A bat (D:1)
  5 endoplasms
  A giant cockroach (D:2)
  5 goblins
  2 hobgoblins (D:2)
  A quokka (D:2)
  4 frilled lizards (D:2)
  2 kobolds
  8 rats
39 creatures vanquished.

Vanquished Creatures (others)
  A plant (D:2)
1 creature vanquished.

Grand Total: 40 creatures vanquished

Notes
Turn   | Place    | Note
-------+----------+-------------------------------------------
     0 | D:1      | Tirrikindir the Troll Fighter began the quest for the Orb.
     0 | D:1      | Reached XP level 1. HP: 22/22 MP: 0/0
   180 | D:1      | You fall into a shaft and drop 1 floor!
   183 | D:2      | Reached XP level 2. HP: 29/29 MP: 1/1
   701 | D:2      | Reached XP level 3. HP: 36/36 MP: 2/2
   978 | D:2      | Reached skill level 3 in Fighting
  1104 | D:2      | Found a faded altar of an unknown god.
  1111 | D:2      | Prayed at the altar of an unknown god.
  1111 | D:2      | Became a worshipper of Yredelemnul the Dark
  1111 | D:2      | Reached * piety under Yredelemnul
  1203 | D:$      | Got out of the dungeon alive.

Illustrated notes

Levels and vault maps discovered:
D:1:      co_arrival_random_square_maze, layout_rooms
D:2:      layout_loops_ring, dilly_ecumenical_altar_fadedgnrine,
          bh_walls_and_bars

Skill      XL: |  1  2  3 |
---------------+----------+-----
Fighting       | 3 |  3.0
Dodging        | |  2.7
Stealth        | |  0.4
Shields        | |  2.6
Unarmed Combat | |  2.8

Action                   || total
-------------------------++-------
Melee: Unarmed           ||    90
  Use: Scroll            ||     5
       Potion            ||     1
Armor: Robe              ||    24
Dodge: Dodged            ||    27
Block: Kite shield       ||    23
